 Dungeon Crawl Stone Soup version 0.30.1-11-g7821555f0a (webtiles) character file.

Game seed: 2435482324360843885

15 Peloso the Trooper (level 2, -4/27 HPs)
             Began as a Minotaur Fighter on Jan 2, 2024.
             Slain by a gnoll
             ... wielding a +0 flail
              (7 damage)
             ... on level 1 of the Dungeon.
             The game lasted 00:00:35 (272 turns).

Peloso the Trooper (Minotaur Fighter)                Turns: 272, Time: 00:00:36

Health: -4/27      AC:  7    Str: 20    XL:     2   Next: 34%
Magic:  1/1        EV:  9    Int:  5    God:
Gold:   0          SH:  4    Dex:  9    Spells: 1/1 levels left

rFire   . . .        a - +0 long sword
rCold   . . .        c - +0 buckler
rNeg    . . .        b - +0 scale mail
rPois   .            (helmet restricted)
rElec   .            (no cloak)
rCorr   .            (no gloves)
SInv    .            (no boots)
Will    .....        (no amulet) Stlth
                     (no ring)
HPRegen 0.24/turn    (no ring)
MPRegen 0.07/turn

%: no passive effects
@: no status effects
A: horns 2, retaliatory headbutt
a: no special abilities


You were on level 1 of the Dungeon.
You visited 1 branch of the dungeon, and saw 1 of its levels.

Inventory:

Hand Weapons
 a - a +0 long sword (weapon)
Armour
 b - a +0 scale mail (worn)
 c - a +0 buckler (worn)
Scrolls
 f - a scroll of teleportation {unknown}
Potions
 d - a potion of might
 e - 2 potions of resistance {unknown}


   Skills:
 + Level 4.0 Fighting
 + Level 2.5 Long Blades
 + Level 3.9 Armour
 + Level 3.9 Shields


You had one spell level left.
You didn't know any spells.
Your spell library was empty.

Dungeon Overview and Level Annotations

Branches:
Dungeon (1/15)

Altars:


Innate Abilities, Weirdness & Mutations

You have a pair of horns on your head.
You reflexively headbutt those who attack you in melee.


Message History

The kobold barely misses you. The kobold hits you but does no damage.
A gnoll comes into view. It is wielding a +0 flail.
You miss the kobold.
The kobold is severely wounded.
The kobold hits you with a +0 quarterstaff.
You closely miss the kobold.
The kobold is severely wounded.
The kobold hits you with a +0 quarterstaff.
You barely miss the kobold.
The kobold is severely wounded.
The kobold barely misses you. The gnoll barely misses you.
The kobold hits you but does no damage.
You barely miss the kobold. Your headbutt misses the kobold.
The kobold is severely wounded.
The kobold barely misses you. You block the gnoll's attack.
You completely miss the kobold. Your headbutt misses the kobold.
The kobold is severely wounded.
The gnoll closely misses you. The kobold misses you.
Unknown command.
You slash the kobold!
You kill the kobold!
The gnoll hits you but does no damage.
A goblin comes into view. It is wielding a +0 club.
The gnoll closely misses you.
Unknown command.
You barely miss the gnoll.
The goblin shouts!
Your headbutt misses the gnoll.
You hear a bark!
You hear a shout!
The gnoll hits you with a +0 flail.
A ball python comes into view.
You hit the gnoll.
The gnoll is lightly wounded.
The gnoll hits you with a +0 flail!
* * * LOW HITPOINT WARNING * * *
A jackal comes into view.
You closely miss the gnoll.
The gnoll is lightly wounded.
The gnoll hits you with a +0 flail!
You die...

.#.. ###### #
....###### #....# #
#.#..#..# #.##.###
....#$.# #.#.....
#.....#####.#..###
#..#.#..#...#..#
##..†.(#...#.## #
##g.$#......### #
#@)..#.K.......# #
#......######...###.###
....#.#.. .#### ... #.
#.#... .. ### .
#.g.S##. ### ..
........ ... ..
..h...#. ### .##
......# # .


You could see a gnoll, a jackal, a goblin and a ball python.

Vanquished Creatures
  2 bats (D:1)
  4 endoplasms (D:1)
  A giant cockroach (D:1)
  A goblin (D:1)
  3 ball pythons (D:1)
  2 kobolds (D:1)
  A rat (D:1)
14 creatures vanquished.

Notes
Turn   | Place    | Note
-------+----------+-------------------------------------------
     0 | D:1      | Peloso the Minotaur Fighter began the quest for the Orb.
     0 | D:1      | Reached XP level 1. HP: 19/19 MP: 0/0
   109 | D:1      | Reached XP level 2. HP: 19/27 MP: 1/1
   261 | D:1      | Reached skill level 4 in Fighting
   272 | D:1      | Slain by a gnoll

Illustrated notes

Levels and vault maps discovered:
D:1:      dpeg_arrival_castle, layout_basic, hangedman_decor_push,
          serial_bayou_pond_e

Skill      XL: |  1  2 |
---------------+-------+-----
Fighting       | 4 |  4.0
Long Blades    | |  2.5
Armour         | |  3.9
Shields        | |  3.9

Action                     || total
---------------------------++-------
  Melee: Long sword        ||    42
         Headbutt          ||     3
 Armour: Scale mail        ||    26
  Dodge: Dodged            ||    19
  Block: Buckler           ||    11
